 Dungeon Crawl Stone Soup version 0.19-a0-1878-gcbc8a98 (webtiles) character file.

136 JeffiDaFish the Vexing (level 4, -7/32 HPs)
             Began as a Vampire Enchanter on Oct 13, 2016.
             Mangled by a gnoll
             ... wielding a +0 club
              (8 damage)
             ... on level 4 of the Dungeon.
             The game lasted 00:06:21 (885 turns).

JeffiDaFish the Vexing (Vampire Enchanter)           Turns: 885, Time: 00:06:21

Health: -7/32      AC:  3    Str:  8      XL:     4   Next: 98%
Magic:  5/16       EV: 13    Int: 18 (19) God:
Gold:   83         SH:  0    Dex: 14      Spells: 3 memorised, 1 level left

rFire  . . .     SeeInvis +     f - +2 dagger (venom)
rCold  . . .     Gourm    .     b - +1 robe
rNeg   + . .     Faith    .     (no shield)
rPois  .         Spirit   .     (helmet restricted)
rElec  .         Dismiss  .     (no cloak)
rCorr  .         Reflect  .     (no gloves)
MR     .....     Harm     .     (no boots)
Stlth  ++++......               (no amulet)
                                h - ring of stealth
                                e - ring of magical power

@: lethally poisoned (-7 -> -9)
A: antennae 1, fangs 3, talons 1, see invisible, clever 1, unbreathing
a: Bat Form


You were on level 4 of the Dungeon.
You were not thirsty.

You visited 1 branch of the dungeon, and saw 3 of its levels.

You collected 83 gold pieces.

Inventory:

Hand Weapons
 a - a +3 dagger
 f - a +2 dagger of venom (weapon)
Armour
 b - a +1 robe (worn)
Jewellery
 e - a ring of magical power (left hand)
 h - a ring of stealth (right hand)
Scrolls
 g - a scroll of remove curse
 i - a scroll of identify
Potions
 d - 6 potions of blood
 j - a potion of agility
Books
 c - a book of Maledictions

   Spells                             Type                      Level
   a - Corona                         Hexes                        1
   b - Ensorcelled Hibernation        Hexes/Ice                    2
   c - Confuse                        Hexes                        3
   d - Tukima's Dance                 Hexes                        3
   e - Dazzling Spray                 Conjuration/Hexes            3


   Skills:
 * Level 1.5 Fighting
 + Level 1.9 Short Blades
 + Level 2.8 Dodging
 + Level 5.2 Stealth
 + Level 2.3 Spellcasting
 + Level 5.5 Hexes
 + Level 1.4 Ice Magic


You had one spell level left.
You knew the following spells:

 Your Spells              Type           Power        Failure   Level  Hunger
a - Corona                Hex            ###....      1%          1    #......
b - Ensorcelled Hibernat  Hex/Ice        ##....       8%          2    ##.....
c - Confuse               Hex            ###.....     6%          3    ###....


Dungeon Overview and Level Annotations

Branches:
Dungeon (2/15)

Altars:


Innate Abilities, Weirdness & Mutations

You have razor-sharp teeth.
You have supernaturally acute eyesight. (SInv)
You can survive without breathing.
You have a pair of small antennae on your head.
You have sharp toenails.
Your mind is acute. (Int +2)


Message History

* * * LOW HITPOINT WARNING * * *
You feel sick.
You kill the adder!
* * * LOW HITPOINT WARNING * * *
You feel sick. The gnoll hits you but does no damage.
You see here a ring mail.
You closely miss the gnoll. Your kick misses the gnoll.
The gnoll completely misses you.
You hit the gnoll. Your kick misses the gnoll.
The gnoll is moderately wounded.
The gnoll hits you but does no damage.
You closely miss the gnoll.
The gnoll is moderately wounded.
* * * LOW HITPOINT WARNING * * *
You feel sick. The gnoll misses you.
You hit the gnoll.
The gnoll is poisoned.
You bite the gnoll, but do no damage.
The gnoll is moderately wounded.
The gnoll hits you with a club!
You die...

### ########
##########.## #.......
#....@ggg...###.######
#.######............##
# #.....###.###.##
##...## #.# # ##.##
#.# # #.# #.. .... ..
#.# ### #.## .. ##+##
#####.## #. ##...##
#.......


You could see 3 gnolls.

Vanquished Creatures
  An ogre (D:4)
  3 adders
  3 dart slugs (D:2)
  A giant cockroach (D:2)
  A goblin (D:2)
  3 hobgoblins
  5 kobolds (D:2)
  A quokka (D:2)
  3 bats
  A frilled lizard (D:2)
  2 rats
24 creatures vanquished.

Notes
Turn   | Place    | Note
-------+----------+-------------------------------------------
     0 | D:1      | JeffiDaFish the Vampire Enchanter began the quest for the Orb.
     0 | D:1      | Reached XP level 1. HP: 13/13 MP: 3/3
   276 | D:1      | You fall through a shaft!
   374 | D:1      | Reached XP level 2. HP: 19/19 MP: 5/5
   378 | D:1      | Learned a level 2 spell: Ensorcelled Hibernation
   626 | D:2      | Gained mutation: You have sharp toenails. [potion of mutation]
   626 | D:2      | Gained mutation: Your mind is acute. (Int +2) [potion of mutation]
   626 | D:2      | Gained mutation: You have a pair of small antennae on your head. [potion of mutation]
   721 | D:2      | Reached skill level 5 in Hexes
   721 | D:2      | Reached XP level 3. HP: 23/25 MP: 6/6
   765 | D:2      | Learned a level 3 spell: Confuse
   773 | D:2      | You fall through a shaft for 2 floors!
   778 | D:4      | Noticed an ogre
   794 | D:4      | Killed an ogre
   794 | D:4      | Reached skill level 1 in Fighting
   794 | D:4      | Reached skill level 5 in Stealth
   794 | D:4      | Reached skill level 1 in Ice Magic
   794 | D:4      | Reached XP level 4. HP: 8/32 MP: 7/7
   801 | D:4      | HP: 1/32 [gnoll/club (7)]
   880 | D:4      | HP: 1/32 [poisoned by an adder]
   885 | D:4      | Mangled by a gnoll

Vault maps used:
D:1:      dpeg_arrival_simpleton_a
D:2:      marbit_many_paths, gammafunk_temple_overflow_statue, uniq_robin
D:4:      minmay_stone_trees_medium, grunt_decor_mini_mirrors,
          kennysheep_generic_room_9

Skill      XL: |  1  2  3 |
---------------+----------+-----
Hexes          | 5 |  5.5
Fighting       | 1 |  1.5
Stealth        | 5 |  5.2
Ice Magic      | 1 |  1.4
Short Blades   | |  1.9
Dodging        | |  2.8
Spellcasting   | |  2.3

Action                   |  1- 3 |  4- 6 || total
-------------------------+-------+-------++-------
Melee: Dagger            |    47 |     7 ||    54
       Bite              |     2 |     1 ||     3
       Kick              |     1 |       ||     1
 Cast: Ensorcelled Hiber |     2 |     3 ||     5
 Abil: End Transformatio |       |     1 ||     1
       Bat Form          |       |     1 ||     1
  Use: Scroll            |     6 |       ||     6
       Potion            |     5 |       ||     5
 Stab: Sleeping          |     9 |       ||     9
Armor: Robe              |    11 |     3 ||    14
Dodge: Dodged            |    33 |     5 ||    38
